 Dungeon Crawl Stone Soup version 0.25-a0-834-g55863b0 (webtiles) character file.

Game seed: 6967901802908040156, levelgen mode: deterministic

226 BlueFish the Slasher (level 5, -4/47 HPs)
             Began as a Minotaur Fighter on Apr 22, 2020.
             Slain by a river rat (7 damage)
             ... summoned by ToBoldlyKo's ghost
             ... on level 3 of the Dungeon.
             The game lasted 00:04:04 (2177 turns).

BlueFish the Slasher (Minotaur Fighter)             Turns: 2177, Time: 00:04:04

Health: -4/47      AC:  7    Str: 21    XL:     5   Next: 69%
Magic:  4/4        EV:  9    Int:  5    God:
Gold:   103        SH:  4    Dex: 10    Spells: 4/4 levels left

rFire    . . .     SeeInvis +   a - +0 long sword
rCold    . . .     Gourm    .   (no shield)
rNeg     . . .     Faith    .   b - +0 scale mail
rPois    .         Spirit   .   e - +0 hat
rElec    .         Reflect  +   (no cloak)
rCorr    .         Harm     .   (no gloves)
MR       .....                  (no boots)
Stlth    ..........             i - +4 amulet of reflection
HPRegen  0.15/turn              r - ring of see invisible
MPRegen  0.09/turn              (no ring)

@: mighty
A: retaliatory headbutt, horns 2
a: no special abilities


You were on level 3 of the Dungeon.
You were not hungry.

You visited 1 branch of the dungeon, and saw 3 of its levels.

You collected 103 gold pieces.

Inventory:

Hand Weapons
 a - a +0 long sword (weapon)
 n - a +0 dagger of venom
Armour
 b - a +0 scale mail (worn)
 c - a +0 kite shield
 e - a +0 hat (worn)
Jewellery
 i - a +4 amulet of reflection (around neck)
 l - an uncursed amulet of the acrobat
 r - a ring of see invisible (left hand)
Wands
 s - a wand of scattershot (6)
Scrolls
 m - a scroll of magic mapping
 o - 2 scrolls of random uselessness
 q - a scroll of remove curse
Potions
 d - a potion of might
 g - 2 potions of stabbing
 k - a potion of haste {unknown}
Comestibles
 f - 5 rations


   Skills:
 * Level 4.7 Fighting
 * Level 5.3 Long Blades
 * Level 5.0 Armour
 + Level 0.3 Dodging
 + Level 3.9 Shields


You had 4 spell levels left.
You didn't know any spells.
Your spell library was empty.

Dungeon Overview and Level Annotations

Branches:
Dungeon (3/15)

Altars:
Dithmenos
Fedhas
Vehumet

Annotations:
D:3 1 transporter, ToBoldlyKo's ghost, amateur KoWn


Innate Abilities, Weirdness & Mutations

You reflexively headbutt those who attack you in melee.
You have a pair of horns on your head.


Message History

You suddenly lose the ability to move!
The bat hits you but does no damage.
The gnoll zaps a wand.
You shrug off the repeated paralysis!
The now-empty wand crumbles to dust.
The river rat bites you but does no damage.
The bat hits you but does no damage. The river rat bites you.
* * * LOW HITPOINT WARNING * * *
You can move again.
You hit the bat.
You kill the bat!
The bat's corpse disappears in a puff of smoke!
You block the river rat's attack. The gnoll hits you with a +0 spear.
* * * LOW HITPOINT WARNING * * *
You completely miss the gnoll. The gnoll hits you but does no damage.
The river rat misses you. The river rat bites you.
* * * LOW HITPOINT WARNING * * *
The gnoll hits you but does no damage.
You closely miss the gnoll.
The gnoll seems to regain its courage.
The river rat bites you!
You die...

#..≈≈≈≈≈≈≈≈≈≈≈≈≈≈≈≈≈...##
#..≈≈####.....####≈≈.....
#..≈≈#..#8###8#..#≈≈..###
#..≈≈#..###.###..#≈≈..#
#..≈≈#..W........#≈≈..#
#..≈≈###)##'##.###≈≈.##
#..≈≈..#r#PgP#.#..≈≈.#
#..≈≈.##rr...'.##.≈≈.#
#..≈≈.#.@#..P#..#.≈≈.#
#..≈≈.##g##.##.##.≈≈.#
##.....#.#))P#.#..≈≈.# #
#....©#.'.©.'.#©.≈≈.####
#.....#.#8⌠8#.#..≈≈..##.
#.≈≈.##.#####.##.≈≈.....
#.≈≈.#..#.:.#.©#.≈≈.###.
#.≈≈.##.#...#.##.≈≈.# #.
#.≈≈..#.#...#.#..≈≈.# #.


You could see ToBoldlyKo's ghost, 2 gnolls and 3 river rats.

Vanquished Creatures
  A bullfrog zombie (D:2)
  A hound (D:3)
  A gnoll shaman (D:3)
  3 gnolls (D:3)
  3 adders
  An ooze (D:1)
  A worm (D:2)
  3 dart slugs
  A leopard gecko (D:3)
  7 orcs (D:3)
  5 bats
  3 giant cockroaches
  7 goblins
  6 hobgoblins
  2 jackals (D:1)
  3 kobolds (D:1)
  6 frilled lizards
  7 rats
61 creatures vanquished.

Vanquished Creatures (others)
  2 plants (D:3)
2 creatures vanquished.

Grand Total: 63 creatures vanquished

Notes
Turn   | Place    | Note
-------+----------+-------------------------------------------
     0 | D:1      | BlueFish the Minotaur Fighter began the quest for the Orb.
     0 | D:1      | Reached XP level 1. HP: 19/19 MP: 0/0
   132 | D:1      | Reached XP level 2. HP: 27/27 MP: 1/1
   333 | D:1      | Reached XP level 3. HP: 33/33 MP: 2/2
   886 | D:2      | Reached XP level 4. HP: 34/41 MP: 3/3
   981 | D:2      | Found a shadowy altar of Dithmenos.
  1087 | D:2      | Found a radiant altar of Vehumet.
  1141 | D:2      | Found a blossoming altar of Fedhas.
  1751 | D:3      | Identified the +1 halberd of Mayhem {venom, Str+3}
  1760 | D:3      | Found a transporter.
  1818 | D:3      | Reached skill level 5 in Long Blades
  1818 | D:3      | Reached XP level 5. HP: 41/47 MP: 4/4
  1961 | D:3      | Found a transporter.
  1972 | D:3      | Noticed ToBoldlyKo's ghost (amateur KoWn)
  2152 | D:3      | Paralysed by a gnoll for 4 turns
  2155 | D:3      | HP: 2/47 [gnoll (2)]
  2168 | D:3      | Reached skill level 5 in Armour
  2170 | D:3      | Paralysed by a gnoll for 3 turns
  2177 | D:3      | Slain by a river rat

Levels and vault maps discovered:
D:1:      dpeg_arrival_simpleton_b, layout_loops_ring
D:2:      layout_loops_ring, lemuel_crystal_altar, vehumet_crystals,
          nicolae_dithmenos_through_a_glass_darkly
D:3:      wander_river, layout_rooms, gammafunk_ghost_gnarly_gnolls

Skill      XL: |  1  2  3  4  5 |
---------------+----------------+-----
Armour         | 4 5 |  5.0
Fighting       | 4 |  4.7
Long Blades    | 3 5 |  5.3
Dodging        | |  0.3
Shields        | |  3.9

Action                   |  1- 3 |  4- 6 || total
-------------------------+-------+-------++-------
Melee: Long sword        |    50 |    74 ||   124
       Headbutt          |    11 |    10 ||    21
  Use: Scroll            |     4 |     3 ||     7
       Potion            |       |     2 ||     2
  Eat: Chunk             |       |     4 ||     4
Armor: Scale mail        |    23 |    48 ||    71
Dodge: Dodged            |    39 |    54 ||    93
Block: Other             |     1 |    20 ||    21
       Rpst.: Long sword |    10 |    13 ||    23

Table legend:
 A = Non-vault XP
 B = Vault XP
 C = Vault XP percentage of total XP
 D = Non-vault monster count
 E = Vault monster count
 F = Vault count percentage of total count
                 A         B        C        D         E       F
            +---------+---------+-------+---------+---------+-------
      Total |     242 |      82 |  25.3 |      57 |       4 |   6.6
            +---------+---------+-------+---------+---------+-------
        D:1 |      48 |       0 |   0.0 |      23 |       0 |   0.0
        D:2 |      88 |       0 |   0.0 |      11 |       0 |   0.0
        D:3 |     106 |      82 |  43.6 |      23 |       4 |  14.8
            +---------+---------+-------+---------+---------+-------
